| TOP OF THE 1ST |
|
Bowling Green Hot Rods batting - Pitching for Lake County Captains : RHP Nesty Pulido
|
|
Pitching: RHP Nesty Pulido
|
|
|
Batting: LHB Sean Banks
|
0-0: Ball 1-0: Swinging Strike 1-1: Called Strike 1-2: Strikes out swinging
|
|
Batting: SHB Luis Verduzco
|
0-0: Ball 1-0: Foul Ball, location: 2F 1-1: Ball 2-1: SINGLE (Groundball, 34D, EV 103.8 MPH)
|
|
Batting: LHB Rocky Crowley
|
0-0: Foul Ball, location: 2F 0-1: Ball Luis Verduzco steals 2nd base 1-1: Foul Ball, location: 2F 1-2: Ground out 5-3 (Groundball, 56, EV 87.5 MPH)
|
|
Batting: RHB John Downing
|
0-0: Ball 1-0: Ball 2-0: Called Strike 2-1: Ball 3-1: Foul Ball, location: 2F 3-2: Strikes out swinging
|
| Top of the 1st over - 0 runs, 1 hit, 0 errors, 1 left on base; Bowling Green 0 - Lake County 0 |
| BOTTOM OF THE 1ST |
|
Lake County Captains batting - Pitching for Bowling Green Hot Rods : LHP Eduardo Lopez
|
|
Pitching: LHP Eduardo Lopez
|
|
|
Batting: RHB Juan Ordonez
|
0-0: Ground out 6-3 (Groundball, 6M, EV 102.5 MPH)
|
|
Batting: RHB Josh Patterson
|
0-0: Ball 1-0: Ground out 4-3 (Groundball, 4, EV 90.0 MPH)
|
|
Batting: LHB Jeff Palmowski
|
0-0: Swinging Strike 0-1: Swinging Strike 0-2: Ball 1-2: Strikes out looking
|
| Bottom of the 1st over - 0 runs, 0 hits, 0 errors, 0 left on base; Bowling Green 0 - Lake County 0 |
| TOP OF THE 2ND |
|
Bowling Green Hot Rods batting - Pitching for Lake County Captains : RHP Nesty Pulido
|
|
Batting: RHB Jim Erdody
|
0-0: Ball 1-0: Ball 2-0: Swinging Strike 2-1: Swinging Strike 2-2: Strikes out swinging
|
|
Batting: LHB Angel Ruvalcaba
|
0-0: Swinging Strike 0-1: Ball 1-1: Foul Ball, location: 2F 1-2: Strikes out looking
|
|
Batting: RHB Bazyli Andrysiak
|
0-0: Swinging Strike 0-1: Called Strike 0-2: Ball 1-2: Strikes out looking
|
| Top of the 2nd over - 0 runs, 0 hits, 0 errors, 0 left on base; Bowling Green 0 - Lake County 0 |
| BOTTOM OF THE 2ND |
|
Lake County Captains batting - Pitching for Bowling Green Hot Rods : LHP Eduardo Lopez
|
|
Batting: RHB Carlos Abrego
|
0-0: Ball 1-0: Ball 2-0: Called Strike 2-1: Ball 3-1: SINGLE (Groundball, 56S, EV 67.5 MPH) (infield hit)
|
|
Batting: LHB Esteban Cordova
|
0-0: Ball 1-0: Called Strike 1-1: Ball 2-1: Swinging Strike 2-2: Strikes out swinging
|
|
Batting: RHB Jose Valtierra
|
0-0: Foul Ball, location: 2F 0-1: Foul Ball, location: 2F 0-2: Ball 1-2: Ground out 5-3 (Groundball, 56S, EV 72.5 MPH) Carlos Abrego to second
|
|
Batting: RHB Patrick Pinault
|
0-0: Ball 1-0: Called Strike 1-1: Ball 2-1: Ground out 5-3 (Groundball, 5, EV 103.8 MPH)
|
| Bottom of the 2nd over - 0 runs, 1 hit, 0 errors, 1 left on base; Bowling Green 0 - Lake County 0 |
| TOP OF THE 3RD |
|
Bowling Green Hot Rods batting - Pitching for Lake County Captains : RHP Nesty Pulido
|
|
Batting: RHB Dave Valdez
|
0-0: Ball 1-0: Called Strike 1-1: Ball 2-1: Ground out 5-3 (Groundball, 56, EV 85.6 MPH)
|
|
Batting: LHB Eduardo Lopez
|
0-0: Foul Ball, location: 2F 0-1: Called Strike 0-2: Strikes out swinging
|
|
Batting: LHB Sean Banks
|
0-0: Called Strike 0-1: Ground out 6-3 (Groundball, 4M, EV 96.2 MPH)
|
| Top of the 3rd over - 0 runs, 0 hits, 0 errors, 0 left on base; Bowling Green 0 - Lake County 0 |
| BOTTOM OF THE 3RD |
|
Lake County Captains batting - Pitching for Bowling Green Hot Rods : LHP Eduardo Lopez
|
|
Batting: RHB Willie Gonzales
|
0-0: Ball 1-0: Foul Ball, location: 2F 1-1: Ball 2-1: Foul Ball, location: 2F 2-2: Foul Ball, location: 2F 2-2: Ball 3-2: Base on Balls
|
|
Batting: RHB Steve Gusman
|
0-0: Ball Balk! Willie Gonzales to second 1-0: Ball 2-0: Ground out 5-3 (Groundball, 56, EV 107.5 MPH)
|
|
Batting: RHB Juan Ordonez
|
0-0: Called Strike Willie Gonzales steals 3rd base 0-1: Swinging Strike 0-2: Ball 1-2: Ball 2-2: Strikes out swinging
|
|
Batting: RHB Josh Patterson
|
0-0: Called Strike 0-1: Foul Ball, location: 2F 0-2: Ball 1-2: SINGLE (Line Drive, 34D, EV 97.5 MPH) Willie Gonzales scores
|
|
Batting: LHB Jeff Palmowski
|
0-0: Called Strike 0-1: Foul Ball, location: 2F 0-2: Ball 1-2: Ball 2-2: Ball 3-2: Base on Balls Josh Patterson to second
|
|
Batting: RHB Carlos Abrego
|
0-0: Ball Balk! Josh Patterson to third Jeff Palmowski to second 1-0: Ball 2-0: Ball 3-0: Base on Balls
|
|
Batting: LHB Esteban Cordova
|
0-0: Foul Ball, location: 2F Balk! Josh Patterson scores Jeff Palmowski to third Carlos Abrego to second 0-1: Swinging Strike 0-2: Ball 1-2: SINGLE (Groundball, 6D, EV 97.5 MPH) Jeff Palmowski scores Carlos Abrego to third Runner from 3rd tries for Home, SAFE, throw by LF to home Esteban Cordova to second
|
|
Batting: RHB Jose Valtierra
|
0-0: Foul Ball, location: 2F 0-1: Foul Ball, location: 2F 0-2: Foul Ball, location: 2F 0-2: Ball 1-2: Ball 2-2: Foul Ball, location: 2F 2-2: Foul Ball, location: 2F 2-2: Ground out 6-3 (Groundball, 6, EV 98.1 MPH)
|
| Bottom of the 3rd over - 4 runs, 2 hits, 0 errors, 1 left on base; Bowling Green 0 - Lake County 4 |
| TOP OF THE 4TH |
|
Bowling Green Hot Rods batting - Pitching for Lake County Captains : RHP Nesty Pulido
|
|
Batting: SHB Luis Verduzco
|
0-0: Called Strike 0-1: Foul Ball, location: 2F 0-2: Strikes out swinging
|
|
Batting: LHB Rocky Crowley
|
0-0: Called Strike 0-1: Ball 1-1: Ball 2-1: Foul Ball, location: 2F 2-2: Strikes out swinging
|
|
Batting: RHB John Downing
|
0-0: Swinging Strike 0-1: Ball 1-1: Fly out, F8 (Flyball, 8RXD, EV 101.9 MPH)
|
| Top of the 4th over - 0 runs, 0 hits, 0 errors, 0 left on base; Bowling Green 0 - Lake County 4 |
| BOTTOM OF THE 4TH |
|
Lake County Captains batting - Pitching for Bowling Green Hot Rods : LHP Eduardo Lopez
|
|
Batting: RHB Patrick Pinault
|
0-0: Ball 1-0: SINGLE (Line Drive, 7S, EV 98.8 MPH)
|
|
Batting: RHB Willie Gonzales
|
0-0: Ball 1-0: Called Strike 1-1: Ball Pickoff Throw to First - Error! E1 Patrick Pinault to second 2-1: Ball 3-1: Called Strike 3-2: Base on Balls
|
|
Batting: RHB Steve Gusman
|
0-0: Ball 1-0: Called Strike 1-1: Ball 2-1: SINGLE (Groundball, 56D, EV 103.8 MPH) Patrick Pinault to third Willie Gonzales to second Runner from 3rd tries for Home, SAFE, throw by LF to home
|
|
Pitching: RHP Josh O'Neal
|
|
|
Batting: RHB Juan Ordonez
|
0-0: Ball 1-0: Ball 2-0: Ball 3-0: Base on Balls Willie Gonzales to third Steve Gusman to second
|
|
Batting: RHB Josh Patterson
|
0-0: Swinging Strike 0-1: Grounds into double play, 5-4-3 (Groundball, 56S, EV 82.5 MPH) Willie Gonzales scores Steve Gusman to third
|
|
Batting: LHB Jeff Palmowski
|
0-0: Foul Ball, location: 2F 0-1: Ball 1-1: Ball 2-1: Foul Ball, location: 2F 2-2: Ball 3-2: Fly out, F7 (Flyball, 78S, EV 85.0 MPH)
|
| Bottom of the 4th over - 2 runs, 2 hits, 1 error, 1 left on base; Bowling Green 0 - Lake County 6 |
| TOP OF THE 5TH |
|
Bowling Green Hot Rods batting - Pitching for Lake County Captains : RHP Nesty Pulido
|
|
Batting: RHB Jim Erdody
|
0-0: Ball 1-0: Foul Ball, location: 2F 1-1: Foul Ball, location: 2F 1-2: Foul Ball, location: 2F 1-2: Ball 2-2: Strikes out swinging
|
|
Batting: LHB Angel Ruvalcaba
|
0-0: Ball 1-0: Called Strike 1-1: Ball 2-1: Foul Ball, location: 2F 2-2: SINGLE (Groundball, 6MS, EV 70.0 MPH) (infield hit)
|
|
Batting: RHB Bazyli Andrysiak
|
0-0: Ball Angel Ruvalcaba steals 2nd base 1-0: Ground out U3 (Groundball, 34, EV 101.2 MPH) Angel Ruvalcaba to third
|
|
Batting: RHB Dave Valdez
|
0-0: Ball 1-0: Foul Ball, location: 2F 1-1: Ball 2-1: Foul Ball, location: 2F 2-2: Foul Ball, location: 2F 2-2: Ground out 6-3 (Groundball, 6M, EV 91.9 MPH)
|
| Top of the 5th over - 0 runs, 1 hit, 0 errors, 1 left on base; Bowling Green 0 - Lake County 6 |
| BOTTOM OF THE 5TH |
|
Lake County Captains batting - Pitching for Bowling Green Hot Rods : RHP Josh O'Neal
|
|
Batting: RHB Carlos Abrego
|
0-0: Called Strike 0-1: Foul Ball, location: 2F 0-2: Ball 1-2: Strikes out swinging
|
|
Batting: LHB Esteban Cordova
|
0-0: Called Strike 0-1: Swinging Strike 0-2: Ball 1-2: Ball 2-2: Ball 3-2: Base on Balls
|
|
Batting: RHB Jose Valtierra
|
0-0: Called Strike 0-1: Ball 1-1: Grounds into double play, 6-4-3 (Groundball, 6, EV 88.1 MPH)
|
| Bottom of the 5th over - 0 runs, 0 hits, 0 errors, 0 left on base; Bowling Green 0 - Lake County 6 |
| TOP OF THE 6TH |
|
Bowling Green Hot Rods batting - Pitching for Lake County Captains : RHP Nesty Pulido
|
|
Batting: LHB Eduardo Lopez
|
0-0: SINGLE (Flyball, 89S, EV 93.8 MPH)
|
|
Batting: LHB Sean Banks
|
0-0: Ball 1-0: Foul Ball, location: 2RF, Error on foul ball, E2 1-1: Called Strike 1-2: Ball Wild Pitch! Eduardo Lopez to second 2-2: Ball 3-2: Foul Ball, location: 2F 3-2: Strikes out swinging
|
|
Batting: SHB Luis Verduzco
|
0-0: Ball 1-0: Swinging Strike 1-1: Swinging Strike Passed Ball! Eduardo Lopez to third 1-2: Foul Ball, location: 2F 1-2: Ground out U3 (Groundball, 3L, EV 103.1 MPH)
|
|
Batting: LHB Rocky Crowley
|
0-0: Ground out 4-3 (Groundball, 4, EV 83.1 MPH)
|
| Top of the 6th over - 0 runs, 1 hit, 1 error, 1 left on base; Bowling Green 0 - Lake County 6 |
| BOTTOM OF THE 6TH |
|
Lake County Captains batting - Pitching for Bowling Green Hot Rods : RHP Josh O'Neal
|
|
Batting: RHB Patrick Pinault
|
0-0: Called Strike 0-1: Ground out 5-3 (Groundball, 56, EV 88.8 MPH)
|
|
Batting: RHB Willie Gonzales
|
0-0: Ball 1-0: Ball 2-0: Ball 3-0: Called Strike 3-1: Base on Balls
|
|
Pitching: LHP Tim Pulliam
|
|
|
Batting: RHB Steve Gusman
|
0-0: SINGLE (Groundball, 4MD, EV 109.4 MPH) Willie Gonzales to second Runner from 2nd tries for 3rd, SAFE, throw by CF made to third
|
|
Batting: RHB Juan Ordonez
|
0-0: Swinging Strike 0-1: Swinging Strike 0-2: Strikes out swinging
|
|
Batting: RHB Josh Patterson
|
0-0: Ball Steve Gusman is caught stealing 2nd base 2-4
|
| Bottom of the 6th over - 0 runs, 1 hit, 0 errors, 1 left on base; Bowling Green 0 - Lake County 6 |
| TOP OF THE 7TH |
|
Bowling Green Hot Rods batting - Pitching for Lake County Captains : RHP Nesty Pulido
|
|
Batting: RHB John Downing
|
0-0: Swinging Strike 0-1: Ball 1-1: Swinging Strike 1-2: Strikes out swinging
|
|
Batting: RHB Jim Erdody
|
0-0: Called Strike 0-1: Swinging Strike 0-2: Foul Ball, location: 2F 0-2: SINGLE (Groundball, P, EV 85.0 MPH) (infield hit)
|
|
Batting: LHB Angel Ruvalcaba
|
0-0: Ball 1-0: Called Strike 1-1: Fielders Choice at 2nd, 5-4 (Groundball, 15, EV 85.6 MPH)
|
|
Batting: RHB Bazyli Andrysiak
|
0-0: Ball 1-0: Called Strike 1-1: Fly out, F7 (Line Drive, 7, EV 103.1 MPH)
|
| Top of the 7th over - 0 runs, 1 hit, 0 errors, 1 left on base; Bowling Green 0 - Lake County 6 |
| BOTTOM OF THE 7TH |
|
Lake County Captains batting - Pitching for Bowling Green Hot Rods : LHP Tim Pulliam
|
|
Batting: RHB Josh Patterson
|
0-0: Ball 1-0: Called Strike 1-1: Foul Ball, location: 2F 1-2: Ball 2-2: Foul Ball, location: 2F 2-2: Strikes out swinging
|
|
Batting: LHB Jeff Palmowski
|
0-0: Ball 1-0: Called Strike 1-1: Ball 2-1: Ball 3-1: Fly out, F8 (Flyball, 8LD, EV 102.5 MPH)
|
|
Batting: RHB Carlos Abrego
|
0-0: Swinging Strike 0-1: Ball 1-1: Ball 2-1: Foul Ball, location: 2F 2-2: Strikes out swinging
|
| Bottom of the 7th over - 0 runs, 0 hits, 0 errors, 0 left on base; Bowling Green 0 - Lake County 6 |
| TOP OF THE 8TH |
|
Bowling Green Hot Rods batting - Pitching for Lake County Captains : RHP Nesty Pulido
|
|
Batting: RHB Dave Valdez
|
0-0: Foul Ball, location: 2F 0-1: Swinging Strike 0-2: Ball 1-2: Ball 2-2: Foul Ball, location: 2F 2-2: Strikes out looking
|
|
Pitching: RHP Leo Loetzsch
|
|
|
Batting: LHB Eduardo Lopez
|
0-0: Ball 1-0: Ground out 4-3 (Groundball, 4S, EV 85.0 MPH)
|
|
Batting: LHB Sean Banks
|
0-0: Called Strike 0-1: Swinging Strike 0-2: Strikes out swinging
|
| Top of the 8th over - 0 runs, 0 hits, 0 errors, 0 left on base; Bowling Green 0 - Lake County 6 |
| BOTTOM OF THE 8TH |
|
Lake County Captains batting - Pitching for Bowling Green Hot Rods : LHP Tim Pulliam
|
|
Pitching: LHP Jamie Houtman
|
|
|
Batting: LHB Esteban Cordova
|
0-0: Ball 1-0: Ball 2-0: Ball 3-0: Called Strike 3-1: Swinging Strike 3-2: SINGLE (Groundball, 34D, EV 106.2 MPH)
|
|
Batting: RHB Jose Valtierra
|
0-0: Ball 1-0: Ball 2-0: Called Strike 2-1: Ball 3-1: Foul Ball, location: 2F 3-2: Foul Ball, location: 2F 3-2: Foul Ball, location: 2F 3-2: Grounds into double play, 5-4-3 (Groundball, 56S, EV 85.6 MPH)
|
|
Batting: RHB Patrick Pinault
|
0-0: Ball 1-0: Ball 2-0: Called Strike 2-1: Ball 3-1: Base on Balls
|
|
Batting: RHB Willie Gonzales
|
0-0: Called Strike 0-1: Ball 1-1: Called Strike 1-2: Ball 2-2: Foul Ball, location: 2F 2-2: Foul Ball, location: 2F 2-2: Foul Ball, location: 2F Pickoff Throw to First - Error! E1 Patrick Pinault to second 2-2: Strikes out swinging
|
| Bottom of the 8th over - 0 runs, 1 hit, 1 error, 1 left on base; Bowling Green 0 - Lake County 6 |
| TOP OF THE 9TH |
|
Bowling Green Hot Rods batting - Pitching for Lake County Captains : RHP Leo Loetzsch
|
|
Batting: SHB Luis Verduzco
|
0-0: Called Strike 0-1: Called Strike 0-2: Ball 1-2: Strikes out swinging
|
|
Batting: LHB Rocky Crowley
|
0-0: Called Strike 0-1: Ball 1-1: SOLO HOME RUN (Flyball, 9D, EV 97.5 MPH), Distance : 377 ft
|
|
Batting: RHB John Downing
|
0-0: Ball 1-0: Called Strike 1-1: Called Strike 1-2: Foul Ball, location: 2F 1-2: Strikes out swinging
|
|
Batting: RHB Jim Erdody
|
0-0: SINGLE (Line Drive, 9S, EV 105.6 MPH)
|
|
Batting: LHB Angel Ruvalcaba
|
0-0: Swinging Strike 0-1: Ball 1-1: Foul Ball, location: 2F 1-2: Ground out 6-3 (Groundball, P, EV 85.6 MPH)
|
| Top of the 9th over - 1 run, 2 hits, 0 errors, 1 left on base; Bowling Green 1 - Lake County 6 |
|